 Dungeon Crawl Stone Soup version 0.32-a0-43-g058985b245 (webtiles) character file.

Game seed: 17867146494704601090

4 pajopajo the Trooper (level 1, -1/19 HPs)
             Began as a Ghoul Monk on Feb 4, 2024.
             Slain by a quokka (2 damage)
             ... on level 1 of the Dungeon.
             The game lasted 00:00:24 (39 turns).

pajopajo the Trooper (Ghoul Monk)                     Turns: 39, Time: 00:00:24

Health: -1/19      AC:  2    Str: 14    XL:     1   Next: 60%
Magic:  1/1        EV: 12    Int:  9    God:
Gold:   0          SH:  0    Dex: 11    Spells: 0/0 levels left

rFire   . .          .
                       - Unarmed
rCold   + . .        c - orb {light}
rNeg    + + +        a - +0 robe
rPois   ∞            (no helmet)
rElec   .            (no cloak)
rCorr   .            (no gloves)
SInv    .            (no boots)
Will    .....        (no amulet)
Stlth   +            (no ring)
HPRegen 0.00/turn    (no ring)
MPRegen 0.07/turn

%: no passive effects
@: inhibited regen, glowing
A: claws 1, cold resistance 1, negative energy resistance 3, inhibited
regeneration, torment resistance 2, devour on kill
a: no special abilities


You were on level 1 of the Dungeon.
You visited 1 branch of the dungeon, and saw 1 of its levels.

Inventory:

Armour
 a - a +0 robe (worn)
 c - an orb of light (worn)
Potions
 b - a potion of ambrosia


   Skills:
 + Level 3.4 Fighting
 + Level 2.8 Dodging
 + Level 3.4 Unarmed Combat


You couldn't memorise any spells.
You didn't know any spells.
Your spell library was empty.

Dungeon Overview and Level Annotations

Branches:
Dungeon (1/15)

Altars:


Innate Abilities, Weirdness & Mutations

You are immune to poison.
You have sharp fingernails.
Your flesh is cold resistant. (rC+)
You are immune to negative energy. (rN+++)
You do not regenerate when monsters are visible.
You are immune to unholy pain and torment.
You thrive by killing the living.


Message History

The dart slug is heavily wounded.
You scratch the dart slug.
The dart slug is severely wounded.
The dart slug misses you.
You scratch the dart slug.
The dart slug is almost dead.
The dart slug launches a dart at you. The slug dart hits you.
You claw the dart slug!
You kill the dart slug!
You see here a dart slug corpse.
A rat comes into view.
Found a robe.
The rat squeaks loudly.
A quokka comes into view.
Found a stone staircase leading down.
You scratch the rat.
You kill the rat!
You feel better.
You see here a rat corpse.
The quokka bites you.
You barely miss the quokka. The quokka bites you.
You scratch the quokka.
The quokka is moderately wounded.
The quokka barely misses you.
You scratch the quokka.
The quokka is almost dead.
The quokka bites you.
You completely miss the quokka.
The quokka is almost dead.
The quokka bites you.
* * * LOW HITPOINT WARNING * * *
You barely miss the quokka.
The quokka is almost dead.
The quokka bites you.
* * * LOW HITPOINT WARNING * * *
You completely miss the quokka.
The quokka is almost dead.
The quokka misses you. The quokka bites you.
You die...

#.#..# .# ####.#..# ..#
##.......###..#
....>........ .
............ .#.
.........[##....
................ ## #.
#†@r...... ####.. #..
#..###########....#
.#...#.#### # .......#
...........###. ##...##
......##..#.#.. ##.....##
###..###..##..###..##....
.........##...†!.####..<
###..####†###..#### ##..
#... #.# #.## ###


You could see a quokka.

Vanquished Creatures
  A dart slug (D:1)
  2 rats (D:1)
3 creatures vanquished.

Notes
Turn   | Place    | Note
-------+----------+-------------------------------------------
     0 | D:1      | pajopajo the Ghoul Monk began the quest for the Orb.
     0 | D:1      | Reached XP level 1. HP: 19/19 MP: 1/1
    39 | D:1      | Slain by a quokka

Illustrated notes

Levels and vault maps discovered:
D:1:      dpeg_arrival_round_c, layout_basic

Action                     || total
---------------------------++-------
  Melee: Unarmed           ||    14
 Armour: Robe              ||     9
  Dodge: Dodged            ||     4

Table legend: (Time is in decaauts)
 A = Elapsed time spent in this place.
 B = Non-inter-level travel time spent in this place.
 C = Inter-level travel time spent in this place.
 D = Time resting spent in this place.
 E = Time spent auto-exploring this place.
 F = Levels seen in this place.
 G = Mean time per level.
                   A        B        C        D        E       F      G
               +--------+--------+--------+--------+--------+-----+--------+
         Total |     38 |     38 |      0 |      0 |      0 |   1 |   38.0 |
       Dungeon |     38 |     38 |      0 |      0 |      0 |   1 |   38.0 |
               +--------+--------+--------+--------+--------+-----+--------+

Top non-repeatable levels by time:
     D:1: 38 daAuts
